 Dungeon Crawl Stone Soup version 0.30-a0-509-gd016549fea (webtiles) character file.

Game seed: 535405783219366435

214 demibob the Ruffian (level 5, -3/50 HPs)
             Began as a Troll Chaos Knight on Dec 22, 2022.
             Was a Plaything of Xom.
             Slain by Eustachio
             ... wielding a +0 falchion of holy wrath
              (7 damage)
             ... on level 4 of the Dungeon.
             The game lasted 00:04:42 (2065 turns).

demibob the Ruffian (Troll Chaos Knight)            Turns: 2065, Time: 00:04:43

Health: -3/50      AC:  5    Str: 19    XL:     5   Next: 60%
Magic:  4/4        EV: 10    Int: 12    God:    Xom [*.....]
Gold:   149        SH:  0    Dex: 10    Spells: 4/4 levels left

rFire   . . .      SeeInvis .      - Unarmed
rCold   + . .      Faith    .    (no shield)
rNeg    . . .      Spirit   .    a - +2 robe
rPois   +          Reflect  .    (helmet restricted)
rElec   .          Harm     .    (no cloak)
rCorr   .          Rampage  .    (gloves unavailable)
Will    .....                    (boots unavailable)
Stlth   +.........               (no amulet)
HPRegen 1.08/turn                (no ring)
MPRegen 0.09/turn                (no ring)

@: hasted, very quick
A: large, unfitting armour, claws 3, regeneration 1, shaggy fur 1, tough skin 1,
antennae 1, clever 1, cold resistance 1, deformed body, poison resistance
a: Renounce Religion


You were on level 4 of the Dungeon.
You worshipped Xom.
You were a special plaything of Xom.
You visited 1 branch of the dungeon, and saw 4 of its levels.

You collected 149 gold pieces.


Innate Abilities, Weirdness & Mutations

You are too large for most types of armour.
You have claws for hands.
Your natural rate of healing is unusually fast.
You are covered in fur. (AC +1)
You have tough skin. (AC +1)
You have a pair of small antennae on your head.
Your mind is acute. (Int +4, Str/Dex -1)
Your flesh is cold resistant. (rC+)
Armour fits poorly on your strangely shaped body.
Your system is resistant to poisons. (rPois)


   Skills:
 - Level 2.4 Fighting
 - Level 1.9 Dodging
 * Level 6.2 Unarmed Combat
 + Level 0.7 Evocations


You had 4 spell levels left.
You didn't know any spells.
Your spell library was empty.

Inventory:

Armour
 a - a +2 robe (worn)
 s - an orb of light
Scrolls
 e - a scroll of amnesia {unknown}
 f - a scroll of teleportation {unknown}
 g - a scroll of enchant weapon
 h - a scroll of immolation
 i - a scroll of noise {unknown}
 n - a scroll of summoning
 p - a scroll of blinking {unknown}
Potions
 c - a potion of flight
 d - a potion of cancellation {unknown}
 o - a potion of resistance {unknown}
 q - a potion of degeneration {unknown}
Miscellaneous
 b - a piece from Xom's chessboard (15/15) (quivered)

Dungeon Overview and Level Annotations

Branches:
Dungeon (4/15)
 Temple: D:4-7

Altars:
Fedhas
Hepliaklqana

Annotations:
D:4 Eustachio

###.....#
........#
........+
.........#####+##
#.........#......#
#.........#......#
#.........#@.....#
#.........'@.....#
#.........#....###
#.........######
#.........#
#.........#
#.....<...#
+.........#
#.........#
#.........#


You could see the neutral Eustachio (fast, strong, insane).


Message History

Eustachio barely misses you.
You mangle Eustachio!!
Eustachio is heavily wounded.
Eustachio hits you with a +0 falchion of holy wrath!
* * * LOW HITPOINT WARNING * * *
You feel much better.
Eustachio hits you with a +0 falchion of holy wrath!
* * * LOW HITPOINT WARNING * * *
Eustachio barely misses you.
You feel yourself speed up.
Eustachio hits you with a +0 falchion of holy wrath.
* * * LOW HITPOINT WARNING * * *
You claw Eustachio!
Eustachio is almost dead.
Eustachio hits you with a +0 falchion of holy wrath!
* * * LOW HITPOINT WARNING * * *
You scratch Eustachio.
Eustachio is almost dead.
Eustachio hits you with a +0 falchion of holy wrath!
* * * LOW HITPOINT WARNING * * *
You closely miss Eustachio.
Eustachio is almost dead.
Eustachio hits you but does no damage.
You scratch Eustachio but do no damage.
Eustachio is almost dead.
Eustachio closely misses you.
You closely miss Eustachio.
Eustachio is almost dead.
Eustachio hits you with a +0 falchion of holy wrath!
You die...

Skill      XL: |  1  2  3  4  5 |
---------------+----------------+-----
Unarmed Combat | 4 5 6 |  6.2
Fighting       | |  2.4
Dodging        | |  1.9
Evocations     | |  0.7

Action                   |  1- 3 |  4- 6 || total
-------------------------+-------+-------++-------
Melee: Unarmed           |    85 |   104 ||   189
       Punch             |       |     2 ||     2
Evoke: Piece from Xom's  |       |     1 ||     1
  Use: Potion            |     1 |     5 ||     6
       Scroll            |       |     5 ||     5
 Stab: Sleeping          |     1 |     3 ||     4
Armor: Robe              |    33 |    17 ||    50
       Skin              |       |     4 ||     4
Dodge: Dodged            |    43 |    49 ||    92

Levels and vault maps discovered:
D:1:      heliophobic_arrival_henge, layout_basic, minmay_tetromino_s2
D:2:      layout_loops_corners, uniq_terence
D:3:      layout_loops_cross, fedhas_ov_isle_minmay,
          nicolae_hepliaklqana_monster_ancestors, nicolae_elevator_lobby_plus,
          uniq_natasha
D:4:      layout_gridville, mainiacjoe_overflow_big_doors, cheibriados_altar_2,
          minmay_temple_entry_overgrown, serial_shops,
          nicolae_shop_hallway_stairs, chequers_serial_rivers_marsh, uniq_robin,
          uniq_eustachio

Notes
Turn   | Place    | Note
-------+----------+-------------------------------------------
     0 | D:1      | demibob the Troll Chaos Knight began the quest for the Orb.
     0 | D:1      | Reached XP level 1. HP: 22/22 MP: 0/0
   155 | D:1      | Reached XP level 2. HP: 28/29 MP: 1/1
   258 | D:1      | XOM: silly message
   260 | D:1      | XOM: silly message
   340 | D:1      | Reached skill level 4 in Unarmed Combat
   410 | D:1      | XOM: divination: detect creatures
   412 | D:1      | XOM: divination: detect items
   451 | D:2      | Reached XP level 3. HP: 36/36 MP: 2/2
   481 | D:2      | XOM: give mutation
   481 | D:2      | Gained mutation: You are frail. (-10% HP) [Xom's mischief]
   540 | D:2      | XOM: 2-stop teleportation journey
   609 | D:2      | XOM: summons friendly quasit
   641 | D:2      | XOM: 3-stop teleportation journey
   837 | D:2      | Reached skill level 5 in Unarmed Combat
   837 | D:2      | Reached XP level 4. HP: 36/39 MP: 3/3
   867 | D:2      | Noticed Terence
   878 | D:2      | Killed Terence
  1113 | D:2      | XOM: god gift: runed orb {god gift}
  1265 | D:3      | Reached XP level 5. HP: 45/45 MP: 4/4
  1289 | D:3      | Found a blossoming altar of Fedhas.
  1300 | D:3      | Lost mutation: You are frail. (-10% HP) [potion of
                  | mutation]
  1300 | D:3      | Gained mutation: Armour fits poorly on your strangely
                  | shaped body. [potion of mutation]
  1300 | D:3      | Gained mutation: You have a pair of small antennae on your
                  | head. [potion of mutation]
  1300 | D:3      | Gained mutation: Your flesh is cold resistant. (rC+)
                  | [potion of mutation]
  1300 | D:3      | Gained mutation: Your mind is acute. (Int +4, Str/Dex -1)
                  | [potion of mutation]
  1318 | D:3      | XOM: 8-stop teleportation journey
  1706 | D:3      | Noticed Natasha
  1720 | D:3      | XOM: noise
  1735 | D:3      | Killed Natasha
  1736 | D:3      | Reached skill level 6 in Unarmed Combat
  1797 | D:3      | Found a hazy altar of Hepliaklqana.
  1901 | D:3      | Noticed Natasha
  1910 | D:3      | Killed Natasha
  1919 | D:3      | XOM: give mutation
  1919 | D:3      | Gained mutation: Your system is resistant to poisons.
                  | (rPois) [Xom's grace]
  2051 | D:4      | Noticed Eustachio
  2054 | D:4      | XOM: cast spell 'Discord'
  2062 | D:4      | HP: 2/50 [Eustachio/+0 falchion of holy wrath (8)]
  2065 | D:4      | Slain by Eustachio

Vanquished Creatures
  Terence (D:2)
  Natasha (twice) (D:3)
  4 gnolls (D:2)
  2 adders (D:2)
  A worm (D:3)
  2 dart slugs
  An orc (D:3)
  9 ball pythons
  5 endoplasms
  4 giant cockroaches
  8 goblins
  7 hobgoblins
  8 jackals
  A quokka (D:1)
  4 bats
  5 frilled lizards
  4 kobolds
  3 rats
  A spectral orc (D:3)
72 creatures vanquished.

Table legend: (Time is in decaauts)
 A = Elapsed time spent in this place.
 B = Non-inter-level travel time spent in this place.
 C = Inter-level travel time spent in this place.
 D = Time resting spent in this place.
 E = Time spent auto-exploring this place.
 F = Levels seen in this place.
 G = Mean time per level.
                   A        B        C        D        E       F      G
               +--------+--------+--------+--------+--------+-----+--------+
         Total |   2034 |   1973 |     61 |    100 |   1424 |   4 |  508.5 |
       Dungeon |   2034 |   1973 |     61 |    100 |   1424 |   4 |  508.5 |
               +--------+--------+--------+--------+--------+-----+--------+

Top non-repeatable levels by time:
     D:3: 807 daAuts
     D:2: 795 daAuts
     D:1: 414 daAuts
     D:4: 17 daAuts

Table legend:
 A = Non-vault XP
 B = Vault XP
 C = Vault XP percentage of total XP
 D = Non-vault monster count
 E = Vault monster count
 F = Vault count percentage of total count
                 A         B        C        D         E       F
            +---------+---------+-------+---------+---------+-------
      Total |     228 |      79 |  25.7 |      66 |       6 |   8.3
            +---------+---------+-------+---------+---------+-------
        D:1 |      31 |       4 |  11.4 |      19 |       2 |   9.5
        D:2 |     121 |      36 |  22.9 |      28 |       1 |   3.4
        D:3 |      76 |      39 |  33.9 |      19 |       3 |  13.6
            +---------+---------+-------+---------+---------+-------
